[Event "*** Titled Tuesday Blitz"]
[Site "Chess.com"]
[Date "2020.10.27"]
[Round "1"]
[White "Unknown_IM"]
[Black "mbojan"]
[Result "0-1"]
[WhiteElo "2354"]
[BlackElo "2708"]
[TimeControl "180+1"]
[EndTime "10:08:39 PDT"]
[Termination "mbojan won by checkmate"]

1. e4 c5 2. Nc3 Nc6 3. Bb5 g6 4.
Bxc6 bxc6 5. d3 Bg7 6. Be3 d6 7. Qd2 Rb8 8. Rb1 h5 9. Nge2 Nf6 10. h3 Nd7 11. O-O e5 12. f4 exf4 13. Bxf4 Ne5 14. Bg5 f6 15. Be3 Be6 16. b3 Qe7 17. d4 cxd4 18. Qxd4 Rb7 19. Rbd1 Rd7 20. Nf4 Bf7 21.
Nce2 O-O 22. c4 f5 23. exf5 Nf3+ 24. Rxf3 Bxd4 25. Nxd4 g5 26. Nfe6 Bxe6 27. Nxe6 g4 28. hxg4 hxg4 29. Rf4 Rxf5 30. Rxf5 Qxe6 31. Rg5+ Rg7 32.
Rxg7+ Kxg7 33. Bf2 d5 34. cxd5 cxd5 35. Bd4+ Kg6 36.
Kf2 Qf5+ 37. Kg1 a6 38. Rf1 Qe4 39. Rd1 Qc2 40. Ra1 Qd2 41. Be5 d4 42. Bg3 d3 43. Rf1 Qxa2 44. Bf4 Qxb3 45. g3 Qb6+ 46. Kg2 Qc6+ 47. Kg1 Qd5 48. Rf2 a5 49. Rd2 a4 50.
Kf2 a3 51. Ke3 a2 52. Rxd3 Qxd3+ 53. Kxd3 a1=Q 54. Ke4 Qa8+ 55. Ke5 Qf3 56. Kd4 Kf5 57. Kc4 Qxf4+ 58. gxf4 Kxf4 59. Kd3 Kf3 60. Kd2 Kf2 61. Kd3 g3 62. Ke4 g2 63. Kf4 g1=Q 64. Kf5 Qg3 65. Kf6 Qf4+ 66. Ke6 Ke3 67. Kd7 Qh6 68. Kc8 Ke4 69.
Kb7 Kd5 70. Ka8 Qh7 71. Kb8 Kc6 72. Ka8 Qb7# 0-1

[Event "*** Titled Tuesday Blitz"]
[Site "Chess.com"]
[Date "2020.10.27"]
[Round "1"]
[White "Michaelson_11"]
[Black "GameOverBro"]
[Result "1-0"]
[WhiteElo "2118"]
[BlackElo "2510"]
[TimeControl "180+1"]
[EndTime "10:08:42 PDT"]
[Termination "Michaelson_11 won by checkmate"]

1. e4 d6 2. d4 Nf6 3. Nc3 e5 4. Nf3 Nbd7 5. Bc4 Be7 6. O-O c6 7. a4 h6 8. h3 Qc7 9. Be3 Nf8 10. Bb3 Ng6 11. Ne2 Nxe4 12. Qd3 d5 13. c4 Bf5 14. g4 Be6 15. cxd5 cxd5 16. Rac1 Qd7 17.
dxe5 Bxg4 18. Bxd5 Bxf3 19. Bxf7+ Kd8 20. Qxd7+ Kxd7 21. Rfd1+ Bd6 22. Bxg6 Bxe2 23. Bxe4 Bxd1 24. Rxd1 Ke6 25.
exd6 Rhd8 26. Bxb7 Rab8 27. Bd5+ Ke5 28. Bxa7 Rb4 29.
Bf7 Rxa4 30. Bb6 Rxd6 31. Bc7 Kf6 32. Bxd6 Kxf7 33. b4 Ke6 34. Bc5 Ra2 35. Kg2 Rb2 36. Re1+ Kd5 37. Re7 g5 38. Rh7 Ke4 39. Rxh6 Kf5 40.
Rh8 Rb1 41. Rf8+ Kg6 42. Rg8+ Kf7 43. Rxg5 Kf6 44. Rg3 Kf5 45. h4 Ke4 46. h5 Ra1 47. h6 Ra8 48. h7 Rh8 49. Rh3 Kd5 50. Kh2 Ke4 51. Be7 Kf5 52. Bc5 Ke4 53. b5 Kd5 54. Ba3 Rf8 55. Rh6 Rxf2+ 56. Kg3 Ra2 57. h8=Q Rxa3+ 58. Kg4 Ra4+ 59. Kg5 Kc4 60. Qg8+ Kxb5 61. Qe8+ Kb4 62. Rh4+ Kc5 63. Qxa4 Kb6 64. Kf5 Kc7 65. Rh6 Kb7 66. Qd7+ Kb8 67. Rh8# 1-0

[Event "*** Titled Tuesday Blitz"]
[Site "Chess.com"]
[Date "2020.10.27"]
[Round "1"]
[White "maciek_92"]
[Black "MateusViageiro"]
[Result "1-0"]
[WhiteElo "2697"]
[BlackElo "2348"]
[TimeControl "180+1"]
[EndTime "10:08:43 PDT"]
[Termination "maciek_92 won on time"]

1. e4 c5 2. Nf3 d6 3. d4 cxd4 4.
Nxd4 Nf6 5. Nc3 a6 6. Bg5 e6 7. f4 Qc7 8. Qf3 Nbd7 9. O-O-O b5 10. a3 Bb7 11. g4 d5 12. e5 Ne4 13. Nxe4 dxe4 14.
Qe2 Bc5 15. Nb3 Rc8 16. Bg2 Bd5 17. Kb1 Qb7 18. Rhe1 b4 19. axb4 Bxb4 20. Bxe4 Nb6 21. Bxd5 Nxd5 22. Rf1 a5 23. Nd4 Rb8 24. Qc4 O-O 25.
Qc6 Bc3 26. Qxb7 Rxb7 27. Nb3 a4 28. Rxd5 exd5 29. bxc3 axb3 30. Rd1 bxc2+ 31. Kxc2 Ra8 32. Rxd5 h6 33. Bh4 Ra2+ 34. Kd3 Rxh2 35. Be1 Rh1 36.
Bf2 Rd1+ 37. Kc4 Rc7+ 38. Bc5 Rf1 39. Rd4 Rg1 40. f5 Rf1 41. Kd5 h5 42. gxh5 Rxf5 43. Re4 Rxh5 44. c4 Rh1 45. Bd6 Rc8 46. c5 g5 47. e6 Kh7 48. e7 Re8 49. c6 f5 50.
Re5 f4 51. Rxg5 f3 52. Rf5 Rh3 53. Ke6 Kg6 54. Rf6+ Kg5 55. Rf8 Rh6+ 56. Kd7 Rh8 57. Rxh8 Rxh8 58. Bc5 Rh7 59. c7 1-0

[Event "*** Titled Tuesday Blitz"]
[Site "Chess.com"]
[Date "2020.10.27"]
[Round "1"]
[White "Fandorine"]
[Black "chesstrainer2042"]
[Result "1-0"]
[WhiteElo "2859"]
[BlackElo "2450"]
[TimeControl "180+1"]
[EndTime "10:08:44 PDT"]
[Termination "Fandorine won on time"]

1. d4 d5 2. Nf3 Nf6 3. Bg5 e6 4.
Nbd2 Be7 5. e3 c5 6. c3 Nc6 7.
Bd3 cxd4 8. exd4 O-O 9. Qe2 b6 10. O-O-O Bb7 11. Kb1 Rc8 12. g4 a6 13. Bxf6 Bxf6 14.
h4 b5 15. g5 Be7 16. a3 Na5 17. Ne5 Nc4 18. f4 Nxa3+ 19. bxa3 Rxc3 20. Rh3 Qa5 21. Bxh7+ Kxh7 22. Qh5+ Kg8 23. g6 fxg6 24. Nxg6 Bxa3 25.
Nb3 Qb4 26. Qh8+ Kf7 27. Qxf8+ Qxf8 28. Ne5+ Kg8 29. Rxc3 Qxf4 30. Rc7 Bd6 31. Rxb7 Bxe5 32. dxe5 Qe4+ 33. Kb2 Qxe5+ 34. Nd4 Kh7 35. Re7 Qd6 36. Rxe6 Qb4+ 37. Nb3 Qxh4 38. Rxd5 b4 39. Red6 Qc4 40. Rc5 Qe2+ 41. Rd2 Qe3 42. Rdc2 Kg6 43. Ra5 Kh7 44. Rxa6 Qe5+ 45. Ka2 Qe4 46. Rac6 Kg8 47. R6c4 Qa8+ 48. Kb1 Qa3 49. Rb2 Qa6 50. Rxb4 Qd3+ 51. Rc2 Kh7 52. Kb2 Kg6 53. Rd4 Qe3 54. Rc6+ Kh7 55. Rc3 Qe2+ 56. Rd2 Qe5 57. Kc2 Qf5+ 58. Rcd3 Qb5 59. Rh2+ Kg8 60. Rhh3 1-0

[Event "*** Titled Tuesday Blitz"]
[Site "Chess.com"]
[Date "2020.10.27"]
[Round "1"]
[White "VladaSviridova"]
[Black "SamuelGhimpu2003"]
[Result "0-1"]
[WhiteElo "2273"]
[BlackElo "2608"]
[TimeControl "180+1"]
[EndTime "10:08:44 PDT"]
[Termination "SamuelGhimpu2003 won by resignation"]

1. d4 Nf6 2. c4 g6 3. Nc3 d5 4. cxd5 Nxd5 5. e4 Nxc3 6. bxc3 Bg7 7.
Bc4 c5 8. Ne2 Nc6 9. Be3 O-O 10.
O-O Qc7 11. Rc1 b6 12. Qd2 Bb7 13. Rfd1 Rad8 14. Bf4 e5 15. Bg5 Rd6 16. Bd5 Qd7 17.
Bxc6 Bxc6 18. d5 Ba4 19. Rf1 c4 20. Bh6 f5 21. Bxg7 Kxg7 22. f3 Rdf6 23. h3 f4 24. Qb2 g5 25. Qb4 a5 26. Qb2 h5 27.
Qd2 Qd6 28. Qe1 Rg6 29. g4 fxg3 30. Nxg3 Bd7 31. Kh2 h4 32. Ne2 Rgf6 33. Ng1 Rf4 34. Qe2 b5 35. Kg2 Qg6 36. Kh2 Qh5 37. Kg2 Qf7 38.
Qe3 Qg6 39. Qc5 R8f7 40. Qe3 Kh7 41. Qc5 Kh6 42. d6 Qe6 43. Qd5 Kh7 44. Qxe6 Bxe6 45. Rb1 Rd7 46. Rxb5 Rxd6 47. Rxe5 Kg6 48. Rxa5 Rd3 49.
Ra6 Kf7 50. Ne2 Rf6 51. Rf2 Bxh3+ 52. Kxh3 Rxa6 53. Kg4 Kg6 54. Nd4 Rxc3 55. Nf5 Rca3 56. Rd2 c3 57. Rd7 Rc6 58. Rg7+ Kf6 59. Rxg5 c2 60.
f4 c1=Q 61. e5+ Ke6 62. Nd4+ Kd5 63. Nxc6 Qxc6 64. e6+ Kd4 0-1

[Event "*** Titled Tuesday Blitz"]
[Site "Chess.com"]
[Date "2020.10.27"]
[Round "1"]
[White "venus02"]
[Black "gagtemp"]
[Result "1/2-1/2"]
[WhiteElo "2499"]
[BlackElo "1960"]
[TimeControl "180+1"]
[EndTime "10:08:45 PDT"]
[Termination "Game drawn by repetition"]

1. e4 d5 2. exd5 Qxd5 3. Nc3 Qd6 4. d4 Nf6 5. Nf3 a6 6. g3 Bg4 7. Bg2 Nc6 8. Be3 O-O-O 9. h3 Bh5 10. O-O e5 11.
dxe5 Nxe5 12. Qxd6 Bxd6 13. Nxe5 Bxe5 14. Rac1 Bg6 15.
Rfe1 Rhe8 16. a3 Bxc3 17. bxc3 Nd5 18. Bd4 Rxe1+ 19. Rxe1 f6 20. Re2 Nb6 21. Bxb6 cxb6 22. Re7 Rd7 23. Rxd7 Kxd7 24. Bxb7 a5 25. Kf1 Bxc2 26. Ke2 Kd6 27. Kd2 Bb3 28. Be4 h6 29.
h4 Bd5 30. Bd3 g5 31. f4 gxh4 32. gxh4 Kc5 33. Kc2 Bc4 34. Bh7 Kb5 35. Bg6 Ka4 36.
Kb2 Kb5 37. Be4 Kc5 38. Kc2 Bd5 39. Bg6 Kc4 40. Bd3+ Kc5 41. Kb2 Bf3 42. Bg6 Bd5 43.
Kc2 Kc4 44. Kb2 Bf3 45. Bc2 Bc6 46. Bh7 b5 47. Kc2 b4 48. Bd3+ Kc5 49. axb4+ axb4 50. cxb4+ Kxb4 51. Kd2 Kc5 52. Ke3 Kd6 53. Kd4 Bd5 54. Bg6 Bc6 55. Bh7 Bd5 56. Bf5 Bf3 57. Bc2 Bc6 58.
Bb3 Bf3 59. Ke3 Bc6 60. Ba2 Bd5 61. Bb1 Bc4 62. Kd4 Bd5 63. Be4 Bxe4 64. Kxe4 Ke6 65. h5 f5+ 66. Kd4 Kd6 67. Kc4 Kc6 68. Kd4 Kd6 69. Kc4 Kc6 70. Kd4 Kd6 1/2-1/2

[Event "*** Titled Tuesday Blitz"]
[Site "Chess.com"]
[Date "2020.10.27"]
[Round "1"]
[White "PavelShkapenko"]
[Black "albano87"]
[Result "1-0"]
[WhiteElo "2642"]
[BlackElo "2297"]
[TimeControl "180+1"]
[EndTime "10:08:56 PDT"]
[Termination "PavelShkapenko won by resignation"]

1. e4 c5 2. c3 Nf6 3. e5 Nd5 4.
d4 cxd4 5. cxd4 Nc6 6. Nc3 Nxc3 7. bxc3 d6 8. Nf3 dxe5 9. d5 e4 10. Ng5 Ne5 11. Nxe4 g6 12. f4 Nd7 13. Qd4 Rg8 14. Qe3 Qb6 15. Bd3 Bg7 16. Rb1 Qxe3+ 17. Bxe3 b6 18. c4 Ba6 19. Ke2 Rc8 20. Rhc1 h6 21.
Rb4 f5 22. Nd2 Kf7 23. Ra4 Nb8 24. Nf3 Rgd8 25. Ne5+ Bxe5 26. fxe5 e6 27. d6 Rd7 28. Bxh6 Bb7 29. Bg5 Bxg2 30. h4 Nc6 31. Bf6 Na5 32.
c5 Bc6 33. Ra3 Bd5 34. Bg5 Nc6 35. cxb6 Nd4+ 36. Kf2 Rxc1 37. Bxc1 axb6 38. Bg5 Nc6 39. Bf6 Ra7 40. Rxa7+ Nxa7 41. a3 Bc6 42. Ke3 Nb5 43. Bxb5 Bxb5 44. Bd8 g5 45. hxg5 Kg6 46. Kf4 Bd7 47.
Bxb6 Kh5 48. Bf2 Kg6 49. Be1 Kh5 50. Bf2 Be8 51. Be3 Kg6 52. Kg3 Kh5 53. Kf2 Bc6 54. Ke1 Be8 55. Kd2 Kg4 56. g6 Bxg6 57. d7 f4 58. Bd4 Bf5 59. d8=Q Kf3 60. Qg8 Ke4 61. Qg1 f3 62. Qf2 Kd5 63. Qe3 Be4 64. Kc3 f2 65. Kb4 Bd3 66. Qxd3 Kc6 67. Bxf2 1-0

[Event "*** Titled Tuesday Blitz"]
[Site "Chess.com"]
[Date "2020.10.27"]
[Round "1"]
[White "Lion-Al-Messi"]
[Black "IngOscarArdila"]
[Result "0-1"]
[WhiteElo "2526"]
[BlackElo "2160"]
[TimeControl "180+1"]
[EndTime "10:08:57 PDT"]
[Termination "IngOscarArdila won on time"]

1. e4 e5 2. Nf3 Nc6 3. Bb5 a6 4. Ba4 Nf6 5. O-O b5 6. Bb3 Be7 7. Qe2 O-O 8. c3 d6 9. Rd1 Na5 10. Bc2 c5 11. d4 Qc7 12. d5 Bg4 13. Nbd2 Nb7 14. h3 Bh5 15. Nf1 Rfe8 16. g4 Bg6 17. Ng3 c4 18. Nh4 Nc5 19. Ngf5 Bf8 20. f3 a5 21. Be3 Reb8 22. Ng2 Bxf5 23. gxf5 g6 24. Nh4 Bg7 25. Kh1 Nh5 26. Rg1 Nf4 27. Bxf4 exf4 28. Rg4 Qe7 29. Ng2 Be5 30. Nxf4 Bxf4 31. Rxf4 Nd7 32.
Rg1 Ne5 33. f6 Qd7 34. Kh2 Qd8 35. Qf2 b4 36. Ba4 bxc3 37. bxc3 Rb6 38. Qh4 Rab8 39. Qh6 Qf8 40. Qh5 Rb2+ 41. Kh1 Rb1 42. Rg4 Nxf3 43. Rxg6+ hxg6 44. Qxf3 Rxg1+ 45. Kxg1 Rb1+ 46. Kg2 Qh6 47. Bd1 Qd2+ 48. Be2 Rb2 49. Kf2 Qg5 50. a4 Qh4+ 51. Kg2 Rc2 52. Kg1 Qe1+ 53. Bf1 Rxc3 54.
Qf4 Qg3+ 55. Qxg3 Rxg3+ 56. Kf2 Rb3 57. Bxc4 Rb4 58. Bb5 Rxe4 59. Kf3 Re5 60. Bc4 Rf5+ 61. Ke3 Rxf6 62. Bd3 Kg7 63. h4 Kh6 64. Be2 Rf5 65.
Bf3 Re5+ 66. Kf4 f5 67. Bg2 Kg7 68. Kg5 Re2 69. Bf3 Re3 70. Bd1 Rg3+ 71. Kf4 Ra3 72.
h5 gxh5 73. Kxf5 Ra1 74. Bxh5 Rxa4 75. Ke6 Rh4 0-1

[Event "*** Titled Tuesday Blitz"]
[Site "Chess.com"]
[Date "2020.10.27"]
[Round "1"]
[White "boasovietica"]
[Black "akanga001"]
[Result "1-0"]
[WhiteElo "2501"]
[BlackElo "1894"]
[TimeControl "180+1"]
[EndTime "10:09:01 PDT"]
[Termination "boasovietica won on time"]

1. e4 c6 2. d4 d5 3. exd5 cxd5 4. Bd3 Nc6 5. c3 g6 6. Ne2 Bg7 7. O-O Nf6 8. Nd2 O-O 9. Nf3 Bg4 10. Ng3 e5 11. dxe5 Nxe5 12. Be2 Bxf3 13. Bxf3 Nxf3+ 14. Qxf3 b6 15. Bg5 Qd6 16. Rad1 Rad8 17. Rd3 Rfe8 18. Rfd1 h6 19. Bxf6 Qxf6 20. Qxf6 Bxf6 21. Kf1 h5 22. Rxd5 Rxd5 23. Rxd5 h4 24. Ne2 Re4 25. Rd7 a5 26. Nd4 Bg5 27. Nf3 Bc1 28. b3 Bb2 29. Rd4 Re6 30. Rc4 h3 31. g3 b5 32. Rc8+ Kg7 33. Ng5 Rd6 34. Nxh3 Rd3 35. Nf4 Rxc3 36.
Rxc3 Bxc3 37. Nd5 Bb2 38. Nc7 b4 39. Nd5 Bd4 40. Ke2 f5 41. f3 Kf7 42. Kd3 Bg1 43. h3 Ke6 44. Nf4+ Kf6 45. Ne2 Ba7 46. f4 g5 47.
fxg5+ Kxg5 48. Nd4 f4 49. gxf4+ Kxf4 50. Nc6 Bb6 51.
Kc4 Ke4 52. Kb5 Bc7 53. Nxa5 Bd6 54. Nc6 Kd5 55. Nxb4+ Ke6 56. a4 Kd7 57. a5 Kc8 58.
Nc6 Kc7 59. b4 Kb7 60. h4 Bf4 61. h5 Be3 62. a6+ Ka8 63. Ne5 Bh6 64. Kc6 Be3 65. b5 Bd4 66. Nd7 Be3 67. Nb6+ Ka7 68. Nc8+ Ka8 69.
Nd6 Ka7 70. Nc8+ Ka8 71. b6 1-0

[Event "*** Titled Tuesday Blitz"]
[Site "Chess.com"]
[Date "2020.10.27"]
[Round "1"]
[White "Harsha_Bharathakoti"]
[Black "Arfan48"]
[Result "1-0"]
[WhiteElo "2809"]
[BlackElo "2417"]
[TimeControl "180+1"]
[EndTime "10:09:03 PDT"]
[Termination "Harsha_Bharathakoti won by checkmate"]

1. c4 e5 2. g3 Nf6 3. Bg2 c6 4. Nf3 e4 5. Nd4 d5 6. cxd5 Qxd5 7. Nc2 Qh5 8. h3 Qg6 9. Nc3 Bd6 10. Ne3 O-O 11. d3 exd3 12. exd3 Bxg3 13. fxg3 Qxg3+ 14. Kf1 Rd8 15. d4 Be6 16. Ne2 Qc7 17. Qe1 Na6 18.
Bd2 c5 19. Bc3 cxd4 20. Nxd4 Bc4+ 21. Kg1 Bd3 22. h4 Nc5 23. Rh3 Nce4 24. Rd1 Nxc3 25. Qxc3 Qxc3 26. bxc3 Bg6 27. Bxb7 Rab8 28. Bf3 Rb2 29.
Rh2 Rb6 30. Rhd2 Be4 31. Kf2 h5 32. Ndf5 Rxd2+ 33. Rxd2 Bxf3 34. Kxf3 g6 35. Ne7+ Kg7 36. N7d5 Rd6 37. c4 Nd7 38. Ke4 Re6+ 39. Kd4 Ne5 40.
Rf2 Nc6+ 41. Kc5 Ne5 42. Rf1 Nd3+ 43. Kd4 Ne5 44. c5 Nc6+ 45. Kc4 Re4+ 46. Kb5 Nd4+ 47.
Ka6 Ne6 48. c6 Ra4+ 49. Kb7 Rxa2 50. Nc4 Rc2 51. Nde3 Rc3 52. Kxa7 f5 53. Re1 f4 54. Nd5 Rxc4 55. Rxe6 f3 56. Kb7 f2 57. Rf6 Rc5 58.
Rxf2 Rxd5 59. c7 Rc5 60. c8=Q Rxc8 61. Kxc8 g5 62. hxg5 Kg6 63. Rg2 h4 64. Kd7 Kf5 65.
g6 h3 66. Rh2 Kxg6 67. Rxh3 Kg5 68. Re3 Kf4 69. Re6 Kf5 70. Kd6 Kg5 71. Kd5 Kf4 72.
Re5 Kf3 73. Re4 Kg3 74. Ke5 Kf2 75. Kf5 Kg2 76. Kf4 Kf1 77. Re3 Kf2 78. Ke4 Kg2 79. Rf3 Kg1 80. Ke3 Kh2 81. Kf4 Kg2 82. Kg4 Kg1 83.
Kg3 Kh1 84. Rf1# 1-0

[Event "*** Titled Tuesday Blitz"]
[Site "Chess.com"]
[Date "2020.10.27"]
[Round "1"]
[White "gilbert_gm"]
[Black "MVM2008"]
[Result "1-0"]
[WhiteElo "2577"]
[BlackElo "2219"]
[TimeControl "180+1"]
[EndTime "10:09:03 PDT"]
[Termination "gilbert_gm won on time"]

1. d4 Nf6 2. Nf3 c5 3. c3 d5 4. Bf4 Nc6 5. e3 Qb6 6. Qb3 c4 7. Qc2 Bf5 8. Qc1 e6 9. Be2 Ne4 10. Nbd2 Bd6 11. Nxe4 Bxf4 12. exf4 Bxe4 13. O-O Bxf3 14.
Bxf3 O-O 15. b3 Na5 16. b4 Nc6 17. a4 a6 18. Qe3 Ne7 19. g3 Nf5 20. Qd2 Nd6 21.
Rfe1 Qc6 22. Kg2 b5 23. a5 Rae8 24. Re2 f5 25. Qc2 Qd7 26. h4 Ne4 27. Ree1 Nf6 28. Rh1 h5 29. Rae1 g6 30. Re5 Re7 31. Bd1 Rfe8 32.
Rhe1 Kf7 33. f3 Qd6 34. Kf1 Qd7 35. Qg2 Rh8 36. Bc2 Qd6 37. R1e3 Qd7 38. Qh3 Qd6 39. Re2 Qd7 40. Rg2 Qe8 41. g4 hxg4 42. fxg4 fxg4 43. Qg3 Rh5 44. Rg5 Rxg5 45. fxg5 Nh5 46. Rf2+ Kg8 47. Qxg4 Rf7 48. Rf3 Rxf3+ 49. Qxf3 Qf7 50. Kg2 Qxf3+ 51. Kxf3 Kf7 52. Bb1 Ng7 53. Kf4 Nh5+ 54. Ke5 Ng3 55. Bc2 Ne2 56. h5 gxh5 57. g6+ Kg7 58. Kxe6 Nxc3 59. Kd6 h4 60. Bf5 Na2 61. Kxd5 Nxb4+ 62. Kc5 Na2 63. d5 c3 64. d6 b4 65. d7 b3 66.
d8=Q b2 67. Qe7+ Kh6 68. Qh7+ Kg5 69. g7 1-0

[Event "*** Titled Tuesday Blitz"]
[Site "Chess.com"]
[Date "2020.10.27"]
[Round "1"]
[White "Gerodot71"]
[Black "dropstoneDP"]
[Result "0-1"]
[WhiteElo "2481"]
[BlackElo "2964"]
[TimeControl "180+1"]
[EndTime "10:09:07 PDT"]
[Termination "dropstoneDP won by resignation"]

1. d4 d5 2. c4 c6 3. Nf3 Nf6 4. Nc3 e6 5. e3 Nbd7 6. Be2 Bd6 7. O-O O-O 8. b3 b6 9. Bb2 Bb7 10. Qc2 Qe7 11. Rad1 Rfd8 12. Rfe1 Bb4 13. Qc1 Rac8 14. a3 Bd6 15. Qa1 c5 16. cxd5 exd5 17. Bf1 h5 18. h3 a6 19. Bd3 c4 20. Bc2 b5 21. b4 Ne4 22. Qb1 Ndf6 23. Ne5 Nxc3 24. Bxc3 Ne4 25. Qb2 f6 26. Nf3 g5 27. Nd2 f5 28. f3 Ng3 29. Nf1 Rf8 30. Nxg3 Bxg3 31. Re2 Qd7 32. Qb1 Rce8 33. Rf1 h4 34. Qd1 Re7 35. Bd2 Kf7 36. Bc1 Ke8 37. Kh1 Qd6 38. e4 f4 39. e5 Qh6 40.
Rd2 Bc8 41. Bb2 Be6 42. Bc3 Kf7 43.
a4 Ra8 44. a5 Rg8 45. Qe2 Ke8 46. Rdd1 Kd8 47. Be1 Kc7 48. Bf2 Rf7 49. Rd2 Rh8 50. Rc1 g4 51. fxg4 f3 52. gxf3 Rxf3 53. Qxf3 Qxd2 54. Rf1 Qxc2 55. Qf6 Qe4+ 56. Kg1 Bxf2+ 57.
Rxf2 Re8 58. Qg7+ Bd7 59. Rf7 Qxd4+ 60. Kg2 Qe4+ 61. Kg1 Qe3+ 62. Kg2 Qg3+ 63. Kf1 Qxh3+ 64. Ke1 Qc3+ 65. Kd1 Qa1+ 66. Kc2 Qa2+ 67. Kc1 Qa3+ 68. Kc2 Qb3+ 69. Kc1 Qc3+ 70. Kd1 Qd4+ 71. Kc1 Rd8 72. e6 Qxg7 73. Rxg7 Kd6 74. exd7 Rxd7 75. Rg6+ Ke5 76.
Rxa6 Rh7 77. Ra7 Rxa7 0-1

[Event "*** Titled Tuesday Blitz"]
[Site "Chess.com"]
[Date "2020.10.27"]
[Round "1"]
[White "ChessWarrior7197"]
[Black "FontVella8"]
[Result "1/2-1/2"]
[WhiteElo "2974"]
[BlackElo "2494"]
[TimeControl "180+1"]
[EndTime "10:09:10 PDT"]
[Termination "Game drawn - insufficient material"]

1. e4 e5 2. Nf3 Nc6 3. Nc3 Nf6 4.
Bb5 d6 5. d4 Bd7 6. Bxc6 Bxc6 7. dxe5 dxe5 8. Qxd8+ Rxd8 9. Nxe5 Bxe4 10. Nxe4 Nxe4 11.
O-O Bc5 12. Nd3 O-O 13. Nxc5 Nxc5 14. Be3 Ne6 15. Rfd1 a6 16. Kf1 f6 17. Ke2 Kf7 18. a4 Ke7 19. c3 Rxd1 20. Kxd1 Rd8+ 21. Kc2 Rd5 22. b4 g5 23. c4 Re5 24. g3 f5 25. Kd3 f4 26. Bd2 b5 27. cxb5 axb5 28. a5 Rd5+ 29. Kc3 c5 30. Be1 c4 31. a6 Rd3+ 32.
Kb2 Rd8 33. a7 Ra8 34. Ra5 Nd4 35. Bc3 Nc6 36. Rxb5 Rxa7 37. Rxg5 fxg3 38. hxg3 Ke6 39. Rh5 Rb7 40. f4 Nxb4 41. f5+ Kd6 42. Rh6+ Kd5 43. f6 Nd3+ 44. Kc2 Rf7 45. Kd2 Nf2 46. Rh5+ Ke6 47.
Ke3 Ng4+ 48. Kf4 Nxf6 49. Rh6 Ke7 50. Bb4+ Kd7 51. Kg5 Ne4+ 52. Kg4 c3 53. Rh2 Rf2 54. Rxh7+ Kc6 55. Re7 c2 56. Ba3 Nf6+ 57. Kg5 Nd5 58.
Re8 Rf1 59. g4 c1=Q+ 60. Bxc1 Rxc1 61. Kh6 Nc7 62. Re2 Rh1+ 63. Kg6 Kd7 64. g5 Ne6 65.
Kf6 Rf1+ 66. Ke5 Nxg5 67. Ra2 Ke7 68. Ra7+ Kf8 69. Kd6 Nf7+ 70. Ke6 Re1+ 71. Kf6 Rf1+ 72. Kg6 Rg1+ 73. Kf6 Rf1+ 74. Ke6 Re1+ 75. Kd5 Rd1+ 76.
Ke4 Re1+ 77. Kd3 Re7 78. Ra8+ Kg7 79. Ra5 Kf6 80. Kd4 Nd6 81. Ra6 Ke6 82. Rc6 Kd7 83. Kd5 Re5+ 84. Kxe5 Kxc6 1/2-1/2

[Event "*** Titled Tuesday Blitz"]
[Site "Chess.com"]
[Date "2020.10.27"]
[Round "1"]
[White "Quattroporte300"]
[Black "korbul"]
[Result "0-1"]
[WhiteElo "2258"]
[BlackElo "2601"]
[TimeControl "180+1"]
[EndTime "10:09:14 PDT"]
[Termination "korbul won by resignation"]

1. d4 Nf6 2. c4 e6 3. Nf3 d5 4. g3 Be7 5. Bg2 O-O 6. O-O c6 7. Qc2 Nbd7 8. Bf4 b6 9. Rd1 Ba6 10. b3 Nh5 11. Bc1 Rc8 12. Ba3 Bxa3 13. Nxa3 Nhf6 14. Ne5 Nxe5 15. dxe5 Ng4 16. Qc3 Qc7 17. f4 Qe7 18. Nc2 dxc4 19. bxc4 Qc5+ 20. Rd4 b5 21. h3 Nh6 22. Kh2 Nf5 23. Rd7 bxc4 24.
e4 Nh6 25. Rad1 Bb5 26. R1d2 a5 27. Bf1 Ba4 28. Ne3 Bb5 29. Bxc4 Kh8 30. Qd3 Ng8 31. Rc2 Ba4 32. Rc3 Qb4 33. Bb3 Bxb3 34. Rxb3 Qa4 35.
Qc2 c5 36. Rc3 Qb4 37. Rc4 Qb5 38. Rd6 Rb8 39. a4 Qb2 40. Rxc5 Qxc2+ 41. Rxc2 Rb4 42. Rc4 Rb3 43. Ng4 Rb2+ 44. Kg1 h5 45. Nf2 Rfb8 46. Kg2 Ra2 47. Rd3 Rbb2 48. Rf3 Rb4 49. Rxb4 axb4 50. Rb3 Rxa4 51. Kf3 Ne7 52. Ke2 Nc6 53. Kd2 Na5 54. Rb2 b3 55. Kc3 Ra1 56. Nd3 Rg1 57. g4 Rg3 58. Kb4 Nc6+ 59. Kc5 Rxd3 60. Kxc6 h4 61.
g5 Rxh3 62. Kd7 Rf3 63. f5 exf5 64. exf5 Rxf5 65. Kd6 Rf3 66. Ke7 Rf5 67. e6 fxe6 68. Kxe6 Rxg5 69. Rxb3 Rh5 70. Rh3 Kh7 71. Kf7 Rf5+ 72.
Ke6 Rf4 73. Ke5 Ra4 74. Kf5 Kh6 75. Rh1 Kh5 76. Rh2 g5 77. Rh1 Rf4+ 78. Ke5 Rf8 79.
Rg1 g4 80. Rh1 g3 0-1

[Event "*** Titled Tuesday Blitz"]
[Site "Chess.com"]
[Date "2020.10.27"]
[Round "1"]
[White "Azatic"]
[Black "Kotofeyca"]
[Result "0-1"]
[WhiteElo "2665"]
[BlackElo "2360"]
[TimeControl "180+1"]
[EndTime "10:09:21 PDT"]
[Termination "Kotofeyca won by checkmate"]

1. e4 c5 2. Nf3 d6 3. Nc3 a6 4.
d4 cxd4 5. Nxd4 Nf6 6. Be3 Ng4 7. Bc1 Nc6 8. Nb3 g6 9. Be2 Nf6 10. O-O Bg7 11. Re1 O-O 12. Bf1 b5 13. Bg5 Bb7 14. Qd2 Re8 15. Rad1 Ne5 16. h3 Nc4 17. Bxc4 bxc4 18. Nd4 Qb6 19. Na4 Qc7 20. Nc3 Rab8 21. Bh6 Bh8 22. Nf3 Bc6 23. Rb1 Qb7 24. Qe3 Qb6 25. Qe2 Rec8 26. Be3 Qb7 27. Bd2 Nd7 28.
Qe3 Ne5 29. Nd4 Bd7 30. f4 Nc6 31. Nxc6 Bxc6 32. Qg3 Bxc3 33. Bxc3 Bxe4 34. Qg5 Rc5 35. Qh6 f6 36. Qh4 Bxg2 37. Re3 Rh5 38. Qg3 Bxh3 39. Rbe1 Bf5 40. Kf2 Rh3 41. Qg1 Rxe3 42. Rxe3 Kf7 43. Qe1 Qd7 44. Qh1 h5 45. Qd5+ Be6 46. Qd4 Rb5 47. a4 Rd5 48. Qe4 h4 49. a5 h3 50. Kg3 Rh5 51. Kh2 Rh4 52. Qf3 Bf5 53.
Qg3 Rh5 54. Qe1 d5 55. Bd4 Be4 56. Qg3 Qf5 57. Re2 g5 58. fxg5 Rxg5 59. Qh4 Rg2+ 60. Rxg2 hxg2 61. Be3 Qg6 62. Bg1 Bf3 63. Qh3 Qh5 64.
Qxh5+ Bxh5 65. Kxg2 Bg6 66. c3 e5 67. Kf2 Ke6 68. Ke3 f5 69. Bh2 f4+ 70. Ke2 Kf5 71.
Bg1 Ke4 72. b4 Bh5+ 73. Ke1 d4 74. b5 axb5 75. a6 Be8 76. cxd4 exd4 77. Kd2 Bc6 78.
a7 b4 79. Kc2 b3+ 80. Kb2 f3 81. Bf2 Kd3 82. Bg1 Bd5 83. Bf2 c3+ 84. Ka3 b2 85.
a8=Q Bxa8 86. Bxd4 Kxd4 87. Ka2 Be4 88. Ka3 b1=Q 89.
Ka4 Kc4 90. Ka5 Qb5# 0-1

[Event "*** Titled Tuesday Blitz"]
[Site "Chess.com"]
[Date "2020.10.27"]
[Round "1"]
[White "levallem"]
[Black "sokidze"]
[Result "1-0"]
[WhiteElo "2313"]
[BlackElo "2626"]
[TimeControl "180+1"]
[EndTime "10:09:36 PDT"]
[Termination "levallem won by resignation"]

1. d4 Nf6 2. c4 e6 3. Nc3 Bb4 4. Bd2 O-O 5. Nf3 d5 6. e3 b6 7. cxd5 exd5 8. a3 Bd6 9. Bd3 Bb7 10. Qc2 a6 11. b4 Nbd7 12. O-O Re8 13. Rfc1 Ne4 14.
Ne2 Qe7 15. Ng3 g6 16. Bc3 h5 17. Bb2 h4 18. Nf1 h3 19. g3 Rac8 20. N1d2 c5 21. bxc5 bxc5 22. Qa4 Nxf2 23. Bf1 Ng4 24. Re1 c4 25.
Bc3 Nb6 26. Qa5 Bc7 27. Bxh3 Nd7 28. Qb4 Qxb4 29. Bxb4 f5 30. Nf1 Ndf6 31. Nh4 Kf7 32. Rab1 Bc6 33. Bd2 Ne4 34. Bxg4 fxg4 35. Re2 Rb8 36.
Rxb8 Rxb8 37. Bb4 a5 38. Bc5 Nxc5 39. dxc5 Rb5 40. Nd2 Rxc5 41. Nb1 Rb5 42. Nc3 Rb3 43.
Rc2 Be5 44. Ne2 g5 45. Ng2 Rb1+ 46. Kf2 Ba4 47. Rd2 c3 48. Rxd5 Ke6 49. Rxa5 Bd1 50. Nxc3 Bxc3 51. Ra6+ Kd5 52. e4+ Kxe4 53. Re6+ Be5 54.
Ne1 Bf3 55. Nxf3 gxf3 56. Re8 Rb2+ 57. Kf1 Kf5 58. Rf8+ Kg4 59. Re8 Bd4 60. Re4+ Kh3 61.
Rxd4 Kxh2 62. Rg4 Rb3 63. a4 Ra3 64. Rxg5 Rxa4 65. Kf2 Ra2+ 66. Kxf3 Ra3+ 67. Kg4 Ra4+ 68. Kh5 Kh3 69. g4 Kg3 70. Rg6 Kf4 71. g5 Ra1 72.
Rf6+ Ke5 73. Kg6 Rg1 74. Rf8 Ke6 75. Re8+ Kd7 76. Rg8 Ke7 77. Kh7 Kf7 78. g6+ Kf6 79. Rf8+ Ke7 80. g7 Rh1+ 81. Kg8 Rg1 82. Rf3 Rg2 83.
Rf4 Rg1 84. Re4+ Kf6 85. Rf4+ Ke7 86. Rh4 Kf6 87. Rh6+ Ke7 88. Ra6 Rg2 89. Ra1 Rg3 90. Re1+ Kf6 91. Kf8 Rxg7 92. Rf1+ Kg6 93. Rg1+ 1-0